 Dungeon Crawl Stone Soup version 0.28.0-53-g5a82cb258f (webtiles) character file.

Game seed: 15845564177442588509

225 MisterFreud the Covert (level 6, -5/47 HPs)
             Began as a Gnoll Delver on July 7, 2022.
             Was a Believer of Hepliaklqana.
             Slain by a gnoll
             ... wielding a +0 halberd
              (9 damage)
             ... on level 4 of the Dungeon.
             The game lasted 00:05:10 (3968 turns).

MisterFreud the Covert (Gnoll Delver)               Turns: 3968, Time: 00:05:11

Health: -5/47      AC:  5    Str: 11    XL:     6   Next: 1%
Magic:  8/8        EV:  7    Int: 11    God:    Hepliaklqana [**....]
Gold:   187        SH:  0    Dex: 14    Spells: 8/8 levels left

rFire   . . .      SeeInvis .   u - +0 whip (elec)
rCold   . . .      Faith    .   (no shield)
rNeg    . . .      Spirit   .   b - +0 leather armour
rPois   +          Reflect  .   v - +0 helmet
rElec   .          Harm     .   (no cloak)
rCorr   .          Rampage  .   o - +0 pair of gloves
Will    .....                   (no boots)
Stlth   ++++......              (no amulet)
HPRegen 0.15/turn               t - ring of poison resistance
MPRegen 0.11/turn               (no ring)

@: held
A: reduced essence, fangs 1, strong nose, distributed training
a: Renounce Religion, Recall Ancestor, Ancestor Identity


You were on level 4 of the Dungeon.
You worshipped Hepliaklqana.
Hepliaklqana was pleased with you.
You visited 1 branch of the dungeon, and saw 6 of its levels.
You also visited: Sewer.

You collected 187 gold pieces.

Inventory:

Hand Weapons
 a - a +0 short sword
 u - a +0 whip of electrocution (weapon)
Missiles
 j - a poisoned dart (quivered)
 n - a throwing net
Armour
 b - a +0 leather armour (worn)
 o - a +0 pair of gloves (worn)
 r - the +1 robe of Hiozuid {Rampage rN++ rCorr Dex-4}
   (You found it on level 2 of the Dungeon)

   Dex:       It affects your dexterity (-4).
   rN:        It greatly protects you from negative energy.
   rCorr:     It protects you from acid and corrosion.
   Rampage:   It bestows one free step when moving towards enemies.
 v - a +0 helmet (worn)
Jewellery
 t - a ring of poison resistance (left hand)
 y - an amulet of reflection
Wands
 g - a wand of digging (3)
Scrolls
 c - 2 scrolls of fog
 d - 3 scrolls of magic mapping
 e - 3 scrolls of teleportation
 h - a scroll of immolation {unknown}
 k - 2 scrolls of identify {unknown}
 m - 2 scrolls of amnesia {unknown}
 q - 2 scrolls of enchant weapon {unknown}
 s - a scroll of enchant armour {unknown}
 w - a scroll of blinking {unknown}
 x - a scroll of fear
Potions
 f - a potion of haste
 i - a potion of brilliance {unknown}
 l - 2 potions of attraction {unknown}
 p - 2 potions of curing {unknown}
 z - a potion of resistance {unknown}
 A - 3 potions of lignification {unknown}
 B - a potion of degeneration {unknown}


   Skills:
 + Level 6.7 Fighting
 + Level 4.9 Short Blades
 + Level 1.7 Long Blades
 + Level 1.7 Axes
 + Level 1.7 Maces & Flails
 + Level 1.7 Polearms
 + Level 1.7 Staves
 + Level 1.7 Slings
 + Level 1.7 Bows
 + Level 1.7 Crossbows
 + Level 1.7 Throwing
 + Level 1.7 Armour
 + Level 4.9 Dodging
 + Level 9.7 Stealth
 + Level 1.7 Shields
 + Level 1.7 Unarmed Combat
 + Level 1.7 Spellcasting
 + Level 1.3 Conjurations
 + Level 1.3 Hexes
 + Level 1.3 Summonings
 + Level 1.3 Necromancy
 + Level 1.3 Translocations
 + Level 1.3 Transmutations
 + Level 1.3 Fire Magic
 + Level 1.3 Ice Magic
 + Level 1.3 Air Magic
 + Level 1.3 Earth Magic
 + Level 1.3 Poison Magic
 + Level 2.0 Invocations
 + Level 1.7 Evocations


You had 8 spell levels left.
You didn't know any spells.
Your spell library was empty.

Dungeon Overview and Level Annotations

Branches:
Dungeon (6/15)             Temple (0/1) D:6           Sewer (visited)

Altars:
Hepliaklqana


Innate Abilities, Weirdness & Mutations

Your life essence is reduced to manifest your ancestor. (-10% HP)
You have very sharp teeth.
Your uncanny sense of smell can sniff out nearby items.
Your experience applies equally to all skills.


Message History

A gnoll comes into view. It is wielding a +0 halberd.
A gnoll is nearby!
A gnoll comes into view. It is wielding a +0 halberd.
Found 24 stones.
A gnoll comes into view. It is wielding a +0 spear.
The gnoll shouts! x2; You hear a shout!
You hear two shouts!
A gnoll comes into view. It is wielding a +0 spear.
The gnoll barely misses you. The gnoll misses you.
The gnoll hits you with a +0 halberd. The gnoll closely misses you.
The gnoll misses you. The gnoll closely misses you.
You closely miss the gnoll. The gnoll completely misses you.
A two-headed ogre comes into view.
It is wielding two +0 giant spiked clubs.
The gnoll hits you from afar with a +0 spear.
Udjahorresnet blocks the gnoll's attack.
Udjahorresnet hits the gnoll with a +0 flail!
Unknown command.
You completely miss the gnoll. Your bite misses the gnoll.
The gnoll is almost dead.
The gnoll barely misses you.
The gnoll hits you from afar with a +0 spear.
The gnoll hits you from afar with a +0 spear!
The gnoll throws a throwing net.
The throwing net hits you.
You become entangled in the net!
The gnoll hits you with a +0 halberd!
* * * LOW HITPOINT WARNING * * *
Udjahorresnet hits the gnoll with a +0 flail!
The gnoll dies!
Your Invocations skill increases to level 2!
You have reached level 6!
Udjahorresnet remembers more of their old skill.
You see here a throwing net.
You struggle against the net.
The gnoll barely misses you.
The gnoll hits you from afar with a +0 spear!
* * * LOW HITPOINT WARNING * * *
The gnoll barely misses you.
Udjahorresnet hits the gnoll with a +0 flail!
Unknown command.
You struggle against the net.
The gnoll hits you from afar with a +0 halberd!
You die...

..... ## ##.#.. ..
..... #. #...# ##
#.##...####
.########
#.O......(#
........#
#..g.g....#
#######.#
#..g.)....# ### #.#
####R@.#### ..# #.#
#...# #.# #.# #...#
#.#####.########..#
..................#
#........)........#
########.[.......##
# ###########


You could see the friendly Udjahorresnet the knight, a two-headed ogre and 3
gnolls.

Vanquished Creatures
  A hound (D:2)
  A hound skeleton (D:4)
  Robin (D:2)
  3 adders
  A river rat (Sewer)
  3 worms
  3 dart slugs
  An orc (D:5)
  4 ball pythons
  4 bats
  3 endoplasms (D:1)
  6 giant cockroaches
  18 goblins
  6 hobgoblins
  5 jackals
  10 kobolds
  4 quokkas
  8 frilled lizards
  9 rats
91 creatures vanquished.

Vanquished Creatures (collateral kills)
  An adder (D:2)
  A gnoll (D:4)
  A goblin (D:2)
  A jackal (D:2)
  A kobold (D:3)
  A bat (D:3)
6 creatures vanquished.

Grand Total: 97 creatures vanquished

Notes
Turn   | Place    | Note
-------+----------+-------------------------------------------
     0 | D:5      | Reached skill level 9 in Stealth
     0 | D:5      | MisterFreud the Gnoll Delver began the quest for the Orb.
     0 | D:5      | Reached XP level 1. HP: 23/23 MP: 1/1
     1 | D:6      | Noticed a yak
     1 | D:6      | Found a staircase to the Ecumenical Temple.
     3 | D:6      | Noticed an orc wizard
    89 | D:4      | Reached XP level 2. HP: 6/29 MP: 2/2
   286 | D:4      | Reached XP level 3. HP: 23/35 MP: 3/3
   315 | D:4      | Found a glowing drain.
   329 | Sewer    | Entered a sewer
   361 | Sewer    | Reached skill level 1 in Invocations
   577 | Sewer    | HP: 1/32 [hell rat (2)]
  1204 | D:2      | Reached skill level 1 in Long Blades
  1204 | D:2      | Reached skill level 1 in Axes
  1204 | D:2      | Reached skill level 1 in Maces & Flails
  1204 | D:2      | Reached skill level 1 in Polearms
  1204 | D:2      | Reached skill level 1 in Staves
  1204 | D:2      | Reached skill level 1 in Slings
  1204 | D:2      | Reached skill level 1 in Bows
  1204 | D:2      | Reached skill level 1 in Crossbows
  1204 | D:2      | Reached skill level 1 in Throwing
  1204 | D:2      | Reached skill level 1 in Armour
  1204 | D:2      | Reached skill level 1 in Shields
  1204 | D:2      | Reached skill level 1 in Unarmed Combat
  1204 | D:2      | Reached skill level 1 in Spellcasting
  1204 | D:2      | Reached skill level 1 in Evocations
  1230 | D:2      | Identified the +1 robe of Hiozuid {Rampage rN++ rCorr
                  | Dex-4}
  1263 | D:1      | Reached XP level 4. HP: 38/38 MP: 5/5
  2114 | D:1      | Reached skill level 1 in Conjurations
  2114 | D:1      | Reached skill level 1 in Hexes
  2114 | D:1      | Reached skill level 1 in Summonings
  2114 | D:1      | Reached skill level 1 in Necromancy
  2114 | D:1      | Reached skill level 1 in Translocations
  2114 | D:1      | Reached skill level 1 in Transmutations
  2114 | D:1      | Reached skill level 1 in Fire Magic
  2114 | D:1      | Reached skill level 1 in Ice Magic
  2114 | D:1      | Reached skill level 1 in Air Magic
  2114 | D:1      | Reached skill level 1 in Earth Magic
  2114 | D:1      | Reached skill level 1 in Poison Magic
  2438 | D:2      | Noticed Robin
  2466 | D:2      | Reached XP level 5. HP: 40/47 MP: 5/7
  2539 | D:2      | Killed Robin
  2676 | D:2      | Found a faded altar of an unknown god.
  2706 | D:2      | Prayed at the altar of an unknown god.
  2706 | D:2      | Became a worshipper of Hepliaklqana the Forgotten
  2706 | D:2      | Reached * piety under Hepliaklqana
  3930 | D:4      | Reached ** piety under Hepliaklqana
  3932 | D:4      | Remembered your ancestor Udjahorresnet as a knight
  3964 | D:4      | Noticed a two-headed ogre
  3967 | D:4      | Reached XP level 6. HP: 11/47 MP: 8/8
  3968 | D:4      | Slain by a gnoll

Illustrated notes

Levels and vault maps discovered:
D:1:      roderic_octagonal_star, layout_loops_ring, minmay_crystal_water,
          st_stairs_1, wander_ebering_terrifying_dragon_lair
D:2:      layout_basic, dreamdust_ecumenical_altar_angels_and_demons, uniq_robin
D:3:      layout_basic
D:4:      layout_loops_ring, gup_sewer_entry_bubbles
D:5:      layout_rooms, supply_closet_lemuel, chequers_avenue,
          hangedman_minor_gate_pass, uniq_menkaure
D:6:      layout_loops_ring, minmay_temple_entry_offerings

Skill      XL: |  1  2  3  4  5 |
---------------+----------------+-----
Stealth        | |  9.7
Invocations    | 1 2 |  2.0
Long Blades    | 1 |  1.7
Axes           | 1 |  1.7
Maces & Flails | 1 |  1.7
Polearms       | 1 |  1.7
Staves         | 1 |  1.7
Slings         | 1 |  1.7
Bows           | 1 |  1.7
Crossbows      | 1 |  1.7
Throwing       | 1 |  1.7
Armour         | 1 |  1.7
Shields        | 1 |  1.7
Unarmed Combat | 1 |  1.7
Spellcasting   | 1 |  1.7
Evocations     | 1 |  1.7
Conjurations   | 1 |  1.3
Hexes          | 1 |  1.3
Summonings     | 1 |  1.3
Necromancy     | 1 |  1.3
Translocations | 1 |  1.3
Transmutations | 1 |  1.3
Fire Magic     | 1 |  1.3
Ice Magic      | 1 |  1.3
Air Magic      | 1 |  1.3
Earth Magic    | 1 |  1.3
Poison Magic   | 1 |  1.3
Fighting       | |  6.7
Short Blades   | |  4.9
Dodging        | |  4.9

Action                   |  1- 3 |  4- 6 || total
-------------------------+-------+-------++-------
Melee: Short sword       |    85 |    45 ||   130
       Bite              |     6 |    13 ||    19
       Punch             |     2 |     3 ||     5
       Whip              |       |   129 ||   129
Throw: Dart              |     8 |       ||     8
Invok: Ancestor Life: Kn |       |     1 ||     1
  Use: Scroll            |     2 |       ||     2
       Potion            |     1 |       ||     1
 Stab: Sleeping          |    15 |    15 ||    30
Armor: Leather armour    |    11 |    44 ||    55
Dodge: Dodged            |    29 |    94 ||   123
